Map: Dusk Towers

Players

Heisenzerg - Winner!

  • Race: Zerg Zerg
  • League: Diamond

FoxeR

  • Race: Protoss Protoss
  • League: Master

VOD

Have the link to the VOD?

Description

Time

  • Played on: Feb. 29, 2016, 8:24 p.m.
  • Length: 8:08
Show
View Real Time Build Order
Export as new Build Order

Heisenzerg Zerg - Winner!

Build Orders: Hatch First 

Get SALT Encoding   

  12  0:01  Drone  
  13  0:12  Overlord  
  13  0:17  Drone  
  14  0:30  Drone x2  
  14  0:34  Drone  
  17  0:53  Hatchery  
  17  0:56  Drone  
  17  1:05  Drone  
  17  1:06  Extractor  
  17  1:13  Spawning Pool  
  17  1:17  Drone  
  17  1:20  Drone  
  18  1:28  Drone  
  19  1:43  Overlord  
  19  2:00  Queen  
  21  2:01  Zergling x2  
  21  2:02  Zergling x2  
  21  2:06  Queen  
  25  2:09  Metabolic Boost  
  25  2:14  Drone  
  25  2:15  Drone  
  27  2:30  Hatchery  
  27  2:34  Drone  
  27  2:39  Queen  
  29  2:49  Zergling x4  
  31  2:54  Drone x2  
  31  2:55  Drone  
  34  2:58  Overlord  
  34  3:21  Extractor  
  34  3:24  Extractor  
  34  3:25  Drone x9  
  40  3:39  Roach Warren  
  39  3:43  Zergling x6  
  39  3:47  Zergling x6  
  45  3:54  Zergling x8  
  49  4:00  Overlord  
  49  4:06  Lair  
  49  4:24  Drone x3  
  49  4:25  Drone x5  
  57  4:34  Extractor  
  53  4:49  Roach x3  
  53  4:51  Overlord x3  
  56  4:58  Spine Crawler  
  55  5:03  Roach  
  57  5:12  Roach x3  
  57  5:13  Roach x2  
  67  5:24  Zergling x6, Roach x2  
  69  5:30  Roach x2  
  71  5:36  Zergling x2  
  71  5:37  Roach  
  69  5:43  Roach x2  
  69  5:47  Zergling x2  
  69  5:48  Glial Reconstitution  
  73  5:51  Drone  
  73  5:56  Roach x2  
  77  6:01  Roach  
  77  6:02  Roach  
  80  6:24  Ravager x2  
  81  6:26  Overlord x2  
  81  6:39  Overlord  
  81  6:44  Spire  
  81  6:45  Ravager x5  
  85  6:49  Drone x9  
  94  6:55  Overseer  
  94  6:59  Overlord  
  94  7:03  Overseer  
  93  7:08  Ravager x2  
  93  7:10  Drone x5  
  93  7:14  Extractor  
  93  7:15  Extractor, Drone  
  84  7:41  Drone  
  84  7:42  Drone x7  
Show
View Real Time Build Order
Export as new Build Order

FoxeR Protoss 

Build Orders: Mass Adepts 

Get SALT Encoding   

  12  0:01  Probe (Chrono Boost)  
  13  0:12  Probe (Chrono Boost)  
  14  0:17  Pylon  
  14  0:22  Probe (Chrono Boost)  
  16  0:35  Probe (Chrono Boost)  
  16  0:46  Gateway, Probe (Chrono Boost)  
  16  0:48  Assimilator  
  17  1:00  Gateway  
  17  1:06  Probe (Chrono Boost)  
  18  1:16  Probe (Chrono Boost)  
  19  1:27  Probe (Chrono Boost)  
  20  1:34  Cybernetics Core  
  20  1:38  Pylon  
  20  1:39  Assimilator  
  20  1:42  Probe (Chrono Boost)  
  21  1:52  Probe (Chrono Boost)  
  22  2:09  Forge  
  22  2:11  Warp Gate (Chrono Boost)  
  22  2:13  Pylon  
  22  2:15  Mothership Core  
  24  2:17  Adept  
  26  2:23  Adept  
  28  2:50  Protoss Ground Weapons Level 1 (Chrono Boost)  
  28  2:51  Pylon  
  28  2:52  Pylon  
  32  3:04  Pylon  
  28  3:25  Gateway  
  28  3:26  Gateway  
  28  3:36  Adept  
  28  3:37  Adept  
  32  3:43  Probe  
  32  3:46  Pylon  
  33  4:08  Gateway  
  33  4:15  Adept x2  
  37  4:20  Adept x2  
  40  4:40  Adept x4  
  48  4:51  Pylon  
  48  4:52  Pylon  
  48  5:07  Adept x2  
  48  5:08  Adept  
  54  5:31  Adept  
  54  5:32  Adept x2  
  54  5:33  Adept  
  42  5:52  Adept  
  42  5:53  Adept x2  
  40  6:03  Adept  
  26  6:26  Stargate  
  26  6:37  Sentry x2  
  30  6:42  Stargate  
  30  6:48  Adept x2  
  30  6:49  Adept  
  36  7:02  Sentry  
  38  7:13  Adept x3  
  34  7:31  Sentry  
  34  7:32  Sentry  
  32  7:41  Adept  
  32  7:42  Adept x2  
Tags
 
Add a new tag
Caveats
  • Supply blocks, unpowered buildings, or Contaminate may cause inaccurate times.
  • Supply counts are checked every 10 seconds.